3AA
ATHLETIC CLUB KC ACADEMY @ RICHLAND RAILS
05/22/2041
 
TOP OF THE 1ST
Athletic Club KC Academy batting - Pitching for Richland Rails : RHP Liam Bane
Pitching: RHP Liam Bane
Batting: RHB Tim Hendricks 0-0: Swinging Strike
0-1: Foul Ball, location: 2F
0-2: Strikes out swinging
Batting: LHB Rafael Padilla 0-0: Foul Ball, location: 2F
0-1: Ball
1-1: Ground out 3-1 (Groundball, 34, EV 90.6 MPH)
Batting: RHB Dick Barnett 0-0: Called Strike
0-1: Foul Ball, location: 2F
0-2: Ground out 6-3 (Groundball, 6, EV 88.1 MPH)
Top of the 1st over - 0 runs, 0 hits, 0 errors, 0 left on base; Athletic Club KC Academy 0 - Richland 0
BOTTOM OF THE 1ST
Richland Rails batting - Pitching for Athletic Club KC Academy : LHP Héctor Puga
Pitching: LHP Héctor Puga
Batting: RHB Gene Payne 0-0: Called Strike
0-1: Fly out, F9 (Flyball, 9S, EV 80.0 MPH)
Batting: RHB Cheng-ho Bu 0-0: Foul Ball, location: 2F
0-1: Fly out, F4 (Line Drive, 4, EV 67.5 MPH)
Batting: RHB Kazuki Takahashi 0-0: Ball
1-0: Ball
2-0: Ground out 5-3 (Groundball, 5, EV 78.8 MPH)
Bottom of the 1st over - 0 runs, 0 hits, 0 errors, 0 left on base; Athletic Club KC Academy 0 - Richland 0
TOP OF THE 2ND
Athletic Club KC Academy batting - Pitching for Richland Rails : RHP Liam Bane
Batting: RHB Mhelter Gaston 0-0: Foul Ball, location: 2F
0-1: Ball
1-1: Ball
2-1: Foul Ball, location: 2F
2-2: Strikes out looking
Batting: RHB Mike Welch 0-0: Foul Ball, location: 2F
0-1: Foul Ball, location: 2F
0-2: Foul Ball, location: 2F
0-2: Fly out, F6 (Line Drive, 6, EV 63.1 MPH)
Batting: RHB Guillermo Alessandrini 0-0: Ground out 6-3 (Groundball, 6, EV 107.5 MPH)
Top of the 2nd over - 0 runs, 0 hits, 0 errors, 0 left on base; Athletic Club KC Academy 0 - Richland 0
BOTTOM OF THE 2ND
Richland Rails batting - Pitching for Athletic Club KC Academy : LHP Héctor Puga
Batting: RHB Wilbur Thomas 0-0: Ball
1-0: Ball
2-0: Ball
3-0: Base on Balls
Batting: RHB Ben Russell 0-0: Ball
1-0: SINGLE (Line Drive, 6M, EV 96.9 MPH)
Wilbur Thomas to second
Batting: RHB Mark Quaintance 0-0: Ball
1-0: 3-RUN HOME RUN (Flyball, 7LD, EV 89.4 MPH), Distance : 357 ft
Batting: RHB Javier Botín 0-0: Called Strike
0-1: Ball
1-1: Ball
2-1: Called Strike
2-2: Ball
3-2: Foul Ball, location: 2F
3-2: Ground out 1-3 (Groundball, 34S, EV 85.0 MPH)
Batting: RHB Richard Forrest 0-0: Ball
1-0: Foul Ball, location: 2F
1-1: Called Strike
1-2: Ball
2-2: Fly out, F7 (Flyball, 78XD, EV 92.5 MPH)
Batting: RHB Jon Hill 0-0: Called Strike
0-1: Called Strike
0-2: Ball
1-2: Ball
2-2: Strikes out looking
Bottom of the 2nd over - 3 runs, 2 hits, 0 errors, 0 left on base; Athletic Club KC Academy 0 - Richland 3
TOP OF THE 3RD
Athletic Club KC Academy batting - Pitching for Richland Rails : RHP Liam Bane
Batting: SHB Noel Lancaster 0-0: Called Strike
0-1: Ball
1-1: SINGLE (Groundball, 56S, EV 66.9 MPH) (infield hit)
Batting: LHB Ted Reed 0-0: Ball
Wild Pitch!
Noel Lancaster to second
1-0: Ball
2-0: Ball
3-0: Called Strike
3-1: Base on Balls
Batting: SHB Michael Evershed 0-0: Ball
1-0: Ball
2-0: Ball
3-0: Called Strike
3-1: SINGLE (Groundball, 34D, EV 102.5 MPH) - runner OUT being hit by batted ball. (infield hit)
Batting: RHB Tim Hendricks 0-0: Fly out, F9 (Flyball, 9D, EV 91.9 MPH)
Runner from 2nd tags up, SAFE at 3rd, no throw by RF
Batting: LHB Rafael Padilla 0-0: Ball
1-0: DOUBLE (Flyball, 8RXD, EV 95.6 MPH)
Noel Lancaster scores
Michael Evershed to third
Runner from 3rd tries for Home, SAFE, throw by CF to home
Batting: RHB Dick Barnett 0-0: Called Strike
0-1: Foul Ball, location: 2F
0-2: Strikes out swinging
Top of the 3rd over - 2 runs, 3 hits, 0 errors, 1 left on base; Athletic Club KC Academy 2 - Richland 3
BOTTOM OF THE 3RD
Richland Rails batting - Pitching for Athletic Club KC Academy : LHP Héctor Puga
Batting: RHB Gene Payne 0-0: Called Strike
0-1: Ball
1-1: Ball
2-1: Swinging Strike
2-2: Strikes out swinging
Batting: RHB Cheng-ho Bu 0-0: Ball
1-0: Ground out 5-3 (Groundball, 56S, EV 88.1 MPH)
Batting: RHB Kazuki Takahashi 0-0: Ground out 1-3 (Groundball, 13, EV 87.5 MPH)
Bottom of the 3rd over - 0 runs, 0 hits, 0 errors, 0 left on base; Athletic Club KC Academy 2 - Richland 3
TOP OF THE 4TH
Athletic Club KC Academy batting - Pitching for Richland Rails : RHP Liam Bane
Batting: RHB Mhelter Gaston 0-0: Ball
1-0: Called Strike
1-1: Foul Ball, location: 2F
1-2: Strikes out swinging
Batting: RHB Mike Welch 0-0: Called Strike
0-1: Foul Ball, location: 2F
0-2: Ball
1-2: Ball
2-2: Foul Ball, location: 2F
2-2: Foul Ball, location: 2F
2-2: Strikes out looking
Batting: RHB Guillermo Alessandrini 0-0: Ball
1-0: Ball
2-0: Ball
3-0: Called Strike
3-1: Base on Balls
Batting: SHB Noel Lancaster 0-0: Ball
1-0: Foul Ball, location: 2F
1-1: Foul Ball, location: 2F
1-2: Ball
2-2: Fly out, F8 (Flyball, 89M, EV 91.9 MPH)
Top of the 4th over - 0 runs, 0 hits, 0 errors, 1 left on base; Athletic Club KC Academy 2 - Richland 3
BOTTOM OF THE 4TH
Richland Rails batting - Pitching for Athletic Club KC Academy : LHP Héctor Puga
Batting: RHB Wilbur Thomas 0-0: Foul Ball, location: 2F
0-1: Foul Ball, location: 2F
0-2: Fly out, F7 (Flyball, 7S, EV 85.0 MPH)
Batting: RHB Ben Russell 0-0: Ball
1-0: Ball
2-0: Ball
3-0: Called Strike
3-1: Called Strike
3-2: Fly out, F8 (Flyball, 8LS, EV 88.8 MPH)
Batting: RHB Mark Quaintance 0-0: Ball
1-0: Ground out 6-3 (Groundball, 56, EV 98.1 MPH)
Bottom of the 4th over - 0 runs, 0 hits, 0 errors, 0 left on base; Athletic Club KC Academy 2 - Richland 3
TOP OF THE 5TH
Athletic Club KC Academy batting - Pitching for Richland Rails : RHP Liam Bane
Batting: LHB Ted Reed 0-0: Foul Ball, location: 2F
0-1: Foul Ball, location: 2F
0-2: Strikes out swinging
Batting: SHB Michael Evershed 0-0: Ball
1-0: Ball
2-0: Called Strike
2-1: Foul Ball, location: 2F
2-2: Foul Ball, location: 2F
2-2: Strikes out swinging
Batting: RHB Tim Hendricks 0-0: Called Strike
0-1: Ball
1-1: Foul Ball, location: 2F
1-2: Ball
2-2: SINGLE (Flyball, 89M, EV 86.9 MPH) - OUT at second base trying to stretch hit.
Top of the 5th over - 0 runs, 1 hit, 0 errors, 0 left on base; Athletic Club KC Academy 2 - Richland 3
BOTTOM OF THE 5TH
Richland Rails batting - Pitching for Athletic Club KC Academy : LHP Héctor Puga
Batting: RHB Javier Botín 0-0: Called Strike
0-1: Ball
1-1: Called Strike
1-2: Foul Ball, location: 2F
1-2: Fly out, F8 (Flyball, 8LD, EV 83.1 MPH)
Batting: RHB Richard Forrest 0-0: Ground out 1-3 (Groundball, 23, EV 65.0 MPH)
Batting: RHB Jon Hill 0-0: Called Strike
0-1: Called Strike
0-2: Strikes out swinging
Bottom of the 5th over - 0 runs, 0 hits, 0 errors, 0 left on base; Athletic Club KC Academy 2 - Richland 3
TOP OF THE 6TH
Athletic Club KC Academy batting - Pitching for Richland Rails : RHP Liam Bane
Batting: LHB Rafael Padilla 0-0: Ball
1-0: Ball
2-0: Called Strike
2-1: Called Strike
2-2: SOLO HOME RUN (Flyball, 89XD, EV 93.1 MPH), Distance : 391 ft
Batting: RHB Dick Barnett 0-0: Ball
1-0: Ball
2-0: Ground out 6-3 (Groundball, 6, EV 87.5 MPH)
Batting: RHB Mhelter Gaston 0-0: Foul Ball, location: 2F
0-1: Foul Ball, location: 2F
0-2: Ball
1-2: Foul Ball, location: 2F
1-2: Ball
2-2: Foul Ball, location: 2F
2-2: Foul Ball, location: 2F
2-2: Foul Ball, location: 2F
2-2: Ground out 1-3 (Groundball, 25, EV 84.4 MPH)
Batting: RHB Mike Welch 0-0: Ball
1-0: Foul Ball, location: 2F
1-1: Foul Ball, location: 2F
1-2: Foul Ball, location: 2F
1-2: Foul Ball, location: 2F
1-2: Ball
2-2: Foul Ball, location: 2F
2-2: Strikes out looking
Top of the 6th over - 1 run, 1 hit, 0 errors, 0 left on base; Athletic Club KC Academy 3 - Richland 3
BOTTOM OF THE 6TH
Richland Rails batting - Pitching for Athletic Club KC Academy : LHP Héctor Puga
Batting: RHB Gene Payne 0-0: Called Strike
0-1: Ball
1-1: Foul Ball, location: 2F
1-2: Fly out, F8 (Flyball, 8RD, EV 90.6 MPH)
Batting: RHB Cheng-ho Bu 0-0: Fly out, F8 (Flyball, 8LM, EV 95.0 MPH)
Batting: RHB Kazuki Takahashi 0-0: Ball
1-0: Called Strike
1-1: Called Strike
1-2: Ball
2-2: Ball
3-2: Ground out 6-3 (Groundball, 6, EV 100.0 MPH)
Bottom of the 6th over - 0 runs, 0 hits, 0 errors, 0 left on base; Athletic Club KC Academy 3 - Richland 3
TOP OF THE 7TH
Athletic Club KC Academy batting - Pitching for Richland Rails : RHP Liam Bane
Pitching: RHP Hirohisa Niiya
Batting: RHB Guillermo Alessandrini 0-0: Foul Ball, location: 2F
0-1: Foul Ball, location: 2F
0-2: Strikes out looking
Batting: SHB Noel Lancaster 0-0: Ground out 5-3 (Groundball, 56S, EV 95.0 MPH)
Batting: LHB Ted Reed 0-0: Ball
1-0: Called Strike
1-1: Called Strike
1-2: Ball
2-2: Strikes out looking
Top of the 7th over - 0 runs, 0 hits, 0 errors, 0 left on base; Athletic Club KC Academy 3 - Richland 3
BOTTOM OF THE 7TH
Richland Rails batting - Pitching for Athletic Club KC Academy : LHP Héctor Puga
Batting: RHB Wilbur Thomas 0-0: Called Strike
0-1: Swinging Strike
0-2: Ball
1-2: Ball
2-2: Ball
3-2: Foul Ball, location: 2F
3-2: Base on Balls
Batting: RHB Ben Russell 0-0: Fielders Choice at 2nd, 1-6 (Groundball, 13, EV 65.0 MPH)
Batting: RHB Mark Quaintance 0-0: Ball
1-0: Called Strike
1-1: Swinging Strike
1-2: Strikes out looking
Batting: RHB Javier Botín 0-0: Called Strike
0-1: Ball
1-1: Ball
2-1: Foul Ball, location: 2F
2-2: Foul Ball, location: 2F
2-2: Ball
3-2: Base on Balls
Ben Russell to second
Batting: RHB Richard Forrest 0-0: Called Strike
0-1: Called Strike
0-2: Foul Ball, location: 2F
0-2: Ball
1-2: Foul Ball, location: 2F
1-2: Ball
2-2: Foul Ball, location: 2F
2-2: Ball
3-2: Base on Balls
Ben Russell to third
Javier Botín to second
Pitching: RHP Rick Knapp
Batting: RHB Jon Hill 0-0: Ball
1-0: Called Strike
1-1: Fly out, F7 (Flyball, 7LM, EV 98.1 MPH)
Bottom of the 7th over - 0 runs, 0 hits, 0 errors, 3 left on base; Athletic Club KC Academy 3 - Richland 3
TOP OF THE 8TH
Athletic Club KC Academy batting - Pitching for Richland Rails : RHP Hirohisa Niiya
Batting: SHB Michael Evershed 0-0: Ball
1-0: Swinging Strike
1-1: Fly out, F8 (Flyball, 8LS, EV 98.1 MPH)
Batting: RHB Tim Hendricks 0-0: Ball
1-0: Ball
2-0: Called Strike
2-1: Swinging Strike
2-2: Ground out 5-3 (Groundball, 56S, EV 91.9 MPH)
Batting: LHB Rafael Padilla 0-0: Swinging Strike
0-1: Swinging Strike
0-2: Strikes out looking
Top of the 8th over - 0 runs, 0 hits, 0 errors, 0 left on base; Athletic Club KC Academy 3 - Richland 3
BOTTOM OF THE 8TH
Richland Rails batting - Pitching for Athletic Club KC Academy : RHP Rick Knapp
Batting: RHB Gene Payne 0-0: Called Strike
0-1: Ball
1-1: Fly out, F3 (Popup, 3, EV 63.8 MPH)
Batting: RHB Cheng-ho Bu 0-0: Ball
1-0: Fly out, F9 (Flyball, 89S, EV 93.8 MPH)
Batting: RHB Kazuki Takahashi 0-0: Called Strike
0-1: Ball
1-1: Foul Ball, location: 2F
1-2: Ball
2-2: Fly out, F7 (Flyball, 78M, EV 90.0 MPH)
Bottom of the 8th over - 0 runs, 0 hits, 0 errors, 0 left on base; Athletic Club KC Academy 3 - Richland 3
TOP OF THE 9TH
Athletic Club KC Academy batting - Pitching for Richland Rails : RHP Hirohisa Niiya
Pinch Hitting: LHB Bruce Simpson 0-0: Foul Ball, location: 2F
0-1: Ball
1-1: Ball
2-1: Ground out 1-3 (Groundball, 13, EV 95.0 MPH)
Batting: RHB Mhelter Gaston 0-0: Ball
1-0: Called Strike
1-1: Fly out, F8 (Flyball, 8LM, EV 93.8 MPH)
Batting: RHB Mike Welch 0-0: Ball
1-0: Called Strike
1-1: Ground out 1-3 (Groundball, 34S, EV 85.6 MPH)
Top of the 9th over - 0 runs, 0 hits, 0 errors, 0 left on base; Athletic Club KC Academy 3 - Richland 3
BOTTOM OF THE 9TH
Richland Rails batting - Pitching for Athletic Club KC Academy : RHP Rick Knapp
Now at 1B: Milos Milic
Batting: RHB Wilbur Thomas 0-0: Ball
1-0: Foul Ball, location: 2F
1-1: Fly out, F7 (Flyball, 7S, EV 95.0 MPH)
Batting: RHB Ben Russell 0-0: Ball
1-0: Ball
2-0: Fly out, F9 (Flyball, 9, EV 90.0 MPH)
Batting: RHB Mark Quaintance 0-0: Called Strike
0-1: Foul Ball, location: 2F
0-2: Ball
1-2: Ball
2-2: Strikes out swinging
Bottom of the 9th over - 0 runs, 0 hits, 0 errors, 0 left on base; Athletic Club KC Academy 3 - Richland 3
TOP OF THE 10TH
Athletic Club KC Academy batting - Pitching for Richland Rails : RHP Hirohisa Niiya
Pitching: LHP Camillo Vialli
Batting: RHB Guillermo Alessandrini 0-0: Foul Ball, location: 2F
0-1: Ball
1-1: Ball
2-1: Called Strike
2-2: Strikes out swinging
Batting: SHB Noel Lancaster 0-0: Foul Ball, location: 2F
0-1: Ball
1-1: Ball
2-1: Foul Ball, location: 2F
2-2: Strikes out swinging
Batting: LHB Ted Reed 0-0: Swinging Strike
0-1: Swinging Strike
0-2: Ball
1-2: Ball
2-2: Strikes out swinging
Top of the 10th over - 0 runs, 0 hits, 0 errors, 0 left on base; Athletic Club KC Academy 3 - Richland 3
BOTTOM OF THE 10TH
Richland Rails batting - Pitching for Athletic Club KC Academy : RHP Rick Knapp
Pitching: RHP Grant Gremel
Pinch Hitting: LHB Emosi Whiu 0-0: Ball
1-0: Called Strike
1-1: Foul Ball, location: 2F
1-2: Ball
2-2: Ball
3-2: Base on Balls
Batting: RHB Richard Forrest 0-0: Sac Bunt to 15S - play at first, batter OUT! 1-3
Emosi Whiu to second
Batting: RHB Jon Hill 0-0: Swinging Strike
0-1: SINGLE (Groundball, 25, EV 71.2 MPH) (infield hit)
Emosi Whiu to third
Batting: RHB Gene Payne 0-0: Ball
Jon Hill steals 2nd base (no throw)
1-0: SINGLE (Flyball, 6MD, EV 88.8 MPH)
Emosi Whiu scores
Tuesday, January 5th, 2021 - OOTP Baseball 20.8 Build 74